 Dungeon Crawl Stone Soup version 0.17-a0-1046-ga09e34d (webtiles) character file.

28 nono the Skirmisher (level 2, -1/24 HPs)
             Began as a Demonspawn Gladiator on May 16, 2015.
             Killed from afar by Sigmund (12 damage)
             ... with a puff of flame
             ... on level 2 of the Dungeon.
             The game lasted 00:03:06 (946 turns).

nono the Skirmisher (Demonspawn Gladiator)           Turns: 946, Time: 00:03:06

Health: -1/24      AC:  5    Str: 15    XL:     2   Next: 96%
Magic:  2/2        EV: 13    Int:  9    God:
Gold:   55         SH:  0    Dex: 13    Spells: 0 memorised, 1 level left

rFire  . . .     SeeInvis +     a - +0 trident
rCold  . . .     Clarity  .     n - +0 robe (curse)
rNeg   . . .     SustAb   .     (no shield)
rPois  .         Gourm    .     c - +0 helmet
rElec  .         Spirit   .     (no cloak)
rCorr  .         Warding  .     (no gloves)
rMut   .         Stasis   .     (no boots)
MR     .....                    (no amulet)
Stlth  +.........               (no ring)
                                s - ring of see invisible

@: not resistant to hostile enchantments, very unstealthy
A: slimy green scales 1
a: no special abilities


You were on level 2 of the Dungeon.
You were not hungry.

You visited 1 branch of the dungeon, and saw 2 of its levels.

You collected 55 gold pieces.

Inventory:

Hand weapons
 a - a +0 trident (weapon)
 b - a +0 hunting sling
Missiles
 d - 3 throwing nets (quivered)
 h - 10 sling bullets
Armour
 c - a +0 helmet (worn)
 i - a +0 leather armour
 k - a +0 helmet
 n - a cursed +0 robe (worn)
Jewellery
 s - a ring of see invisible (left hand)
Scrolls
 j - a scroll of fog {unknown}
 l - a scroll of identify {unknown}
 o - a scroll of fear {unknown}
 p - a scroll of magic mapping {unknown}
 v - a scroll of immolation {unknown}
Potions
 f - a potion of flight {unknown}
 m - a potion of agility {unknown}
 q - 2 potions of curing {unknown}
 r - a potion of resistance {unknown}
 t - a potion of lignification {unknown}
 u - a potion of magic {unknown}
Comestibles
 e - a bread ration
 g - a beef jerky


   Skills:
 + Level 3.2 Fighting
 - Level 2.6 Polearms
 - Level 1.7 Throwing
 + Level 2.9 Dodging


You had one spell level left.
You didn't know any spells.

Dungeon Overview and Level Annotations

Branches:
Dungeon (2/15)

Altars:
Sif Muna

Annotations:
D:2 Sigmund


Innate Abilities, Weirdness & Mutations

You are partially covered in slimy green scales (AC +2).


Message History

Press: ? - help, Dir - move target cursor, f/p - Sigmund
Aim: Sigmund, wielding a scythe and wearing a runed robe (severely wounded)
You reach to attack!
You puncture Sigmund!
Sigmund is almost dead.
Sigmund hits you from afar with a scythe.
Attack whom?
Press: ? - help, Dir - move target cursor, f/p - Sigmund
Aim: Sigmund, wielding a scythe and wearing a runed robe (almost dead)
You reach to attack!
You hit Sigmund but do no damage.
Sigmund is almost dead.
Sigmund barely misses you.
Attack whom?
Press: ? - help, Dir - move target cursor, f/p - Sigmund
Aim: Sigmund, wielding a scythe and wearing a runed robe (almost dead)
You reach to attack!
You hit Sigmund.
Sigmund is almost dead.
Sigmund casts a spell at you. The puff of flame hits you!
Ouch! That really hurt!
You die...

#....###....#
#.#..###....#
#.#).##.....##
######......._......#
#..)....##.....##...#
#.####..##....## ...#
#...##....# ..#
#...#####... .( #..@#
#.... #...# .##.#
#..@. .. .. ....(..
###..>##. #...# ..
...(. .# ##.... .
.... ...


You could see Sigmund.

Vanquished Creatures
  2 giant geckos
  3 bats
  A giant cockroach (D:1)
  3 hobgoblins
  2 quokkas (D:2)
  3 giant newts
  3 goblins
  2 kobolds (D:1)
  6 rats
25 creatures vanquished.

Notes
Turn   | Place    | Note
--------------------------------------------------------------
     0 | D:1      | nono the Demonspawn Gladiator began the quest for the Orb.
     0 | D:1      | Reached XP level 1. HP: 16/16 MP: 1/1
   223 | D:1      | Gained mutation: You are partially covered in slimy green scales (AC +2). [demonic ancestry]
   223 | D:1      | Reached XP level 2. HP: 23/23 MP: 2/2
   497 | D:1      | Reached skill level 3 in Fighting
   915 | D:2      | Found a deep blue altar of Sif Muna.
   931 | D:2      | Noticed Sigmund
   946 | D:2      | Killed from afar by Sigmund

Vault maps used:
D:1:      dpeg_arrival_simpleton_c, st_stairs_1
D:2:      nicolae_overflow_crystal_walls, uniq_sigmund

Action                   || total
-------------------------++-------
Melee: Trident           ||    76
 Fire: Hunting sling     ||     4
 Stab: Sleeping          ||     2
       Distracted        ||     1
